Map: Sludge City

Players

Grumm - Winner!

  • Race: Terran Terran
  • League: Gold
  • Spawn Location: 5:00

LtDAmN - Winner!

  • Race: Zerg Zerg
  • League: Gold
  • Spawn Location: 5:00

PowerUser

  • Race: Terran Terran
  • Spawn Location: 11:00

lune

  • Race: Terran Terran
  • League: Diamond
  • Spawn Location: 9:00

VOD

Have the link to the VOD?

Description

Time

  • Played on: Feb. 13, 2016, 1:42 p.m.
  • Length: 5:01
Show
View Real Time Build Order
Export as new Build Order

Grumm Terran - Winner!

Build Orders: 1/1/1 

Get SALT Encoding   

  12  0:01  SCV  
  13  0:15  Supply Depot  
  13  0:18  SCV  
  14  0:30  SCV  
  14  0:31  Refinery  
  15  0:43  Barracks  
  15  0:48  SCV  
  16  1:00  SCV  
  17  1:05  Supply Depot  
  17  1:12  Refinery, SCV  
  18  1:24  SCV  
  19  1:38  Orbital Command  
  19  1:42  Factory  
  19  1:53  Marine  
  20  2:04  Engineering Bay  
  20  2:06  SCV  
  21  2:12  Marine  
  22  2:18  SCV  
  23  2:28  Starport, Widow Mine  
  25  2:31  SCV  
  25  3:05  Marine  
  25  3:12  SCV  
  26  3:15  Factory Tech Lab  
  26  3:26  SCV  
  27  3:37  Siege Tank  
  27  3:40  Marine  
  31  3:41  Command Center  
  31  3:45  Factory  
  31  3:49  Starport  
  31  3:56  Supply Depot  
  31  4:02  Medivac  
  33  4:19  Siege Tank, SCV  
  37  4:27  Supply Depot  
Show
View Real Time Build Order
Export as new Build Order

LtDAmN Zerg - Winner!

Build Orders: Pool First, Ravager All-In 

Get SALT Encoding   

  12  0:02  Drone  
  13  0:12  Overlord  
  13  0:17  Drone  
  14  0:33  Drone  
  15  0:48  Spawning Pool, Extractor  
  15  0:49  Drone x2  
  15  0:53  Drone  
  16  0:59  Extractor  
  16  1:00  Drone  
  16  1:12  Drone  
  17  1:22  Drone  
  18  1:35  Drone  
  18  1:37  Queen  
  21  1:42  Roach Warren  
  21  1:46  Drone  
  21  1:55  Overlord  
  21  2:08  Overlord  
  20  2:26  Roach  
  20  2:28  Roach  
  24  2:38  Roach  
  26  2:47  Ravager  
  26  2:50  Ravager  
  26  2:51  Roach x3  
  34  2:55  Roach  
  36  3:04  Overlord  
  36  3:12  Ravager  
  36  3:13  Ravager  
  38  3:22  Ravager x2  
  40  3:27  Spore Crawler  
  39  3:51  Hatchery  
  38  3:58  Overlord  
  38  4:30  Drone x5  
  38  4:31  Drone  
Show
View Real Time Build Order
Export as new Build Order

PowerUser Terran 

Build Orders:  

Get SALT Encoding   

  12  0:02  SCV  
  13  0:14  SCV  
  14  0:26  Supply Depot, SCV  
  15  0:47  SCV  
  16  0:50  Barracks  
  16  1:00  SCV  
  16  1:01  Refinery  
  16  1:02  Refinery  
  17  1:12  SCV  
  18  1:24  SCV  
  19  1:36  SCV  
  19  1:37  Reaper  
  19  1:38  Supply Depot  
  21  1:48  SCV  
  22  2:00  SCV  
  23  2:12  Command Center  
  23  2:14  Orbital Command  
  23  3:18  Marine  
  23  3:26  Orbital Command  
  23  3:30  Refinery  
  23  3:34  Barracks  
  23  3:36  Barracks Tech Lab  
  23  3:55  Marine  
  24  3:56  Refinery  
  24  4:12  Marine  
  25  4:23  Barracks  
  25  4:26  Marine  
  25  4:29  SCV  
  25  4:30  Marine, SCV  
  29  4:39  Barracks  
  29  4:41  SCV  
  29  4:42  SCV  
Show
View Real Time Build Order
Export as new Build Order

lune Terran 

Build Orders:  

Get SALT Encoding   

  12  0:02  SCV  
  13  0:14  SCV  
  13  0:20  Supply Depot  
  14  0:25  Refinery  
  14  0:28  SCV  
  15  0:41  SCV  
  16  0:51  Barracks  
  16  0:53  SCV  
  17  1:06  SCV  
  18  1:18  SCV  
  19  1:27  Supply Depot  
  19  1:30  SCV  
  20  1:39  Marine  
  21  1:46  Orbital Command  
  21  1:48  Factory  
  21  1:57  Supply Depot  
  21  2:15  Barracks Reactor, SCV  
  21  2:16  Supply Depot  
  22  2:39  Widow Mine  
  24  2:48  Command Center, SCV  
  24  2:50  Refinery  
  25  2:51  Marine x2  
  27  3:00  SCV  
  28  3:08  Widow Mine  
  28  3:11  Engineering Bay  
  28  3:12  SCV  
  31  3:13  Factory  
  29  3:37  Marine x2  
  29  3:39  SCV  
  32  3:47  Supply Depot  
  32  3:51  SCV  
  33  3:59  Factory Tech Lab  
  33  4:00  Marine x2  
  35  4:06  SCV, Barracks  
  31  4:26  Bunker  
  31  4:29  Siege Tank  
  32  4:39  Marine x2  
Tags
 
Add a new tag
Caveats
  • Supply blocks, unpowered buildings, or Contaminate may cause inaccurate times.
  • Supply counts are checked every 10 seconds.